 Dungeon Crawl Stone Soup version 0.24.1-4-ge52af88ad5 (webtiles) character file.

Game seed: 1710022301559653442, levelgen mode: deterministic

501562 VinVin the Swordmaster (level 23, -23/220 HPs)
             Began as a Minotaur Berserker on Apr 12, 2020.
             Was the Champion of Trog.
             Hit by a javelin thrown by a merfolk javelineer (24 damage)
             ... on level 3 of the Depths.
             The game lasted 03:41:39 (52114 turns).

VinVin the Swordmaster (Minotaur Berserker)        Turns: 52114, Time: 03:41:39

Health: -23/220    AC: 23    Str: 36    XL:     23   Next: 76%
Magic:  0/22       EV: 21    Int:  4    God:    Trog [******]
Gold:   3084       SH:  0    Dex: 15    Spells: 22/22 levels left

rFire    + . .     SeeInvis .   a - +9 triple sword of the New World {freeze, rElec rC+ rN+ Int-5}
rCold    + . .     Gourm    .   (shield currently unavailable)
rNeg     + + +     Faith    .   G - +0 chain mail "Usuejon" {rElec Regen+ Str+4 Int+3}
rPois    +         Spirit   +   d - +2 hat of the Bear Spirit {Spirit, +Rage rN+ MR++}
rElec    +         Reflect  .   k - scarf {repulsion}
rCorr    +         Harm     .   e - +2 pair of gloves "Vinedghu" {rCorr Dex+3}
MR       ++++.     Rnd*Rage +   y - +0 pair of boots
Stlth    ..........             w - amulet of regeneration
HPRegen  1.26/turn              n - ring "Syuxaf" {Fire MR+ Str+2 Int+2}
MPRegen  0.18/turn              v - ring of Ashenzari's Generosity {rPois rC+ rN+}

@: lethally poisoned (-23 -> -28), berserk cooldown, very slightly contaminated,
slowed, repel missiles, very slow
A: retaliatory headbutt, horns 2, berserk 1, deterioration 1, subdued magic 1
}: 3/15 runes: barnacled, silver, gossamer
a: Berserk, Trog's Hand, Brothers in Arms, Renounce Religion, Evoke Berserk Rage


You were on level 3 of the Depths.
You worshipped Trog.
Trog was exalted by your worship.
You were near starving.

You visited 9 branches of the dungeon, and saw 41 of its levels.
You also visited: Ossuary, Bailey and Ice Cave.

You collected 5544 gold pieces.
You spent 2460 gold pieces at shops.

Inventory:

Hand Weapons
 a - the +9 triple sword of the New World (weapon) {freeze, rElec rC+ rN+ Int-5}
   (Trog gifted it to you on level 2 of the Orcish Mines)

   It has been specially enchanted to freeze those struck by it, causing extra
   injury to most foes and up to half again as much damage against particularly
   susceptible opponents.
   It can also slow down cold-blooded creatures.
   It affects your intelligence (-5).
   It protects you from cold.
   It insulates you from electricity.
   It protects you from negative energy.
Missiles
 h - 10 throwing nets (quivered)
Armour
 d - the +2 hat of the Bear Spirit (worn) {Spirit, +Rage rN+ MR++}
   (You acquired it in the Ecumenical Temple)

   It protects you from negative energy.
   It affects your resistance to hostile enchantments.
   It lets you go berserk.
 e - the +2 pair of gloves "Vinedghu" (worn) {rCorr Dex+3}
   (You found it on level 1 of the Shoals)

   It affects your dexterity (+3).
   It provides partial protection from all sources of acid and corrosion.
 k - a scarf of repulsion (worn)
 y - a +0 pair of boots (worn)
 G - the +0 chain mail "Usuejon" (worn) {rElec Regen+ Str+4 Int+3}
   (You found it on level 2 of the Spider Nest)

   It affects your strength (+4).
   It affects your intelligence (+3).
   It insulates you from electricity.
   It increases your rate of regeneration.
 Y - the +6 fire dragon scales of Dyspraxia {rF++ rC- MP+9}
   (You found it on level 6 of the Lair of Beasts)

   It greatly protects you from fire.
   It makes you vulnerable to cold.
   It affects your magic capacity (+9).
Jewellery
 i - a +3 ring of evasion
 n - the ring "Syuxaf" (left hand) {Fire MR+ Str+2 Int+2}
   (You found it on level 2 of the Lair of Beasts)

   [ring of fire]

   It enhances your fire magic.
   It affects your strength (+2).
   It affects your intelligence (+2).
   It protects you from fire.
   It makes you vulnerable to cold.
   It affects your resistance to hostile enchantments.
 u - a +3 amulet of reflection
 v - the ring of Ashenzari's Generosity (right hand) {rPois rC+ rN+}
   (You found it on level 1 of the Depths)

   [ring of positive energy]

   It protects you from cold.
   It protects you from poison.
   It protects you from negative energy.
 w - an amulet of regeneration (around neck)
 F - an uncursed ring of see invisible
Wands
 b - a wand of digging (8)
 t - a wand of scattershot (5)
 I - a wand of paralysis (21)
 K - a wand of enslavement (11)
 N - a wand of acid (9)
 O - a wand of flame (67)
 P - a wand of iceblast (31)
 W - a wand of polymorph (7)
 X - a wand of clouds (9)
 Z - a wand of disintegration (13)
Scrolls
 f - 26 scrolls of remove curse
 j - 15 scrolls of identify
 l - 7 scrolls of enchant weapon
 p - a scroll of fog
 q - 8 scrolls of fear
 r - 4 scrolls of magic mapping
 x - 5 scrolls of enchant armour
 L - 15 scrolls of teleportation
 M - a scroll of acquirement
 S - a scroll of holy word
Potions
 m - 3 potions of mutation
 o - 4 potions of might
 s - 14 potions of curing
 z - 3 potions of heal wounds
 A - 4 potions of agility
 B - 6 potions of degeneration
 C - 2 potions of haste
 D - 5 potions of ambrosia
 E - 4 potions of magic
 H - 3 potions of cancellation
 Q - 3 potions of berserk rage
 R - a potion of invisibility
 U - 4 potions of flight
 V - 6 potions of brilliance
Miscellaneous
 J - a lightning rod (4/4)
Comestibles
 c - 34 rations
 T - 24 chunks of flesh


   Skills:
 + Level 21.3 Fighting
 O Level 27 Long Blades
 + Level 21.6 Armour
 - Level 17.3 Dodging
   Level 19.7 Shields


You had 22 spell levels left.
You didn't know any spells.
Your spell library was empty.

Dungeon Overview and Level Annotations

Branches:
Dungeon (15/15)            Temple (1/1) D:4            Lair (6/6) D:10
 Shoals (4/4) Lair:4       Spider (4/4) Lair:3        Slime (0/5) Lair:6
    Orc (2/2) D:9             Elf (0/3) Orc:2        Vaults (5/5) D:14
  Crypt (0/3) Vaults:3     Depths (3/5) D:15           Hell (visited)
Ossuary (visited)          Bailey (visited)           IceCv (visited)
    Dis: Hell:1         Geh: Hell:1         Coc: Hell:1         Tar: Hell:1

Altars:
Ashenzari
Cheibriados
Dithmenos
Elyvilon
Gozag
Hepliaklqana
Kikubaaqudgha
Makhleb
Okawaru
Qazlal
Ru
Sif Muna
Trog
Uskayaw
Wu Jian
Xom
Yredelemnul
Zin
The Shining One
Beogh
Jiyva

Shops:
D:4 !   Orc:2 %[[(   Shoals:2 =(   Shoals:3 [   Shoals:4 :   Vaults:5 }}:*

Portals:
Hell: Depths:1 Depths:2 Depths:3
Pandemonium: Depths:1 Depths:3

Annotations:
Lair:1 3 runed translucent doors, VeryBadPlayer's ghost, journeyman MiFi
Spider:1 Roxanne
Vaults:2 2 runed translucent doors, Sianeop's ghost, adept GrFi; foobar1000's ghost, veteran SpHu
Vaults:3 3 runed translucent doors, fritzmikael's ghost, adept KoBe
Vaults:4 1 runed translucent door, abarbat's ghost, adept MiBe
Hell Geryon


Innate Abilities, Weirdness & Mutations

You reflexively headbutt those who attack you in melee.
You have a pair of horns on your head.
You tend to lose your temper in combat.
Your body sometimes deteriorates upon taking damage.
Your spells are a little easier to cast, but a little less powerful.


Message History

The blast of cold misses you.
The merfolk impaler hits you from afar with a +2 trident of flaming!
* * * LOW HITPOINT WARNING * * *
The merfolk impaler burns you.
* * * LOW HITPOINT WARNING * * *
You hear a deafening roar!
Blink to where?
Press: ? - help, Dir - move target cursor You are very lightly contaminated with residual magic.
As you read the scroll of blinking, it crumbles to dust.
You feel very sick.
The merfolk javelineer throws a javelin.
The javelin barely misses you.
You hear a splash.
The tengu reaver casts a spell at you. The bolt of lightning hits you!
You resist.
* * * LOW HITPOINT WARNING * * *
The merfolk javelineer throws a javelin.
The javelin pierces through you!!
You die...

#..........# #≈≈≈#
#..?.......# #≈≈8#
#..........# #≈≈##
#..........####≈≈≈#
..............#8≈≈#
..............##≈≈###
...#####......#(≈≈#*###
...# #..###.#§§≈#P≈≈####
...# #..# #.##@'#≈≈≈PPP#
...# #..# #.#♣≈≈CD♣
...#####..###.#⌠≈≈Q#†#
..(...........##≈m≈m♣≈≈
..............##≈≈≈≈≈♣#≈#
...............##≈≈≈≈≈≈
≈♣
..........###...##≈≈≈≈≈≈
≈≈ ..........#
#...#####≈≈≈≈ ≈
..<.......# #...# ######
##


You could see an ice dragon, a tengu reaver, a merfolk impaler, a merfolk
javelineer and a friendly stone giant (berserk).

Vanquished Creatures
  An ancient lich (Vaults:5)
  A juggernaut (Depths:2)
  Mara (Vaults:2)
  Bai Suzhen (Vaults:3)
  Margery (Vaults:5)
  Nikola (Spider:1)
  7 tentacled monstrosities
  Rupert (Lair:5)
  4 liches
  8 titans
  2 quicksilver dragons (Depths:3)
  Frances (D:12)
  Polyphemus (Shoals:2)
  A deep elf master archer (Vaults:3)
  7 storm dragons
  Kirke (Spider:1)
  9 shadow dragons
  7 sphinxes
  6 tengu reavers
  Ilsuiw (Shoals:2)
  2 fire giants (Depths:3)
  13 vault wardens
  8 frost giants
  5 ghost moths
  An orc warlord (Orc:1)
  3 iron dragons
  8 emperor scorpions
  A war gargoyle (Vaults:4)
  15 ironheart preservers
  2 deep elf elementalists (Vaults:5)
  18 stone giants
  10 very ugly things
  6 entropy weavers
  The ghost of Peloso the Carver, a journeyman MiFi of Okawaru (Lair:2)
  A vampire knight (Depths:1)
  A deep elf demonologist (Vaults:5)
  2 entropy weavers (shapeshifter)
  2 deep elf annihilators
  Azrael (Spider:3)
  6 spark wasps
  An ettin (shapeshifter) (Vaults:4)
  Snorg (Orc:2)
  6 merfolk javelineers
  11 merfolk impalers
  2 crystal guardians (Vaults:4)
  18 ogre magi
  13 ettins
  A deep elf high priest (Vaults:5)
  6 fire dragons
  31 vault guards
  8 ice dragons
  Harold (D:9)
  16 yaktaur captains
  6 great orbs of eyes
  12 hydras
  Erolcha (Orc:2)
  2 rakshasas (Depths:3)
  17 centaur warriors
  46 two-headed ogres
  2 alligator snapping turtles
  2 death knights
  2 catoblepae
  3 merfolk avatars (Shoals:4)
  2 merfolk aquamancers (Shoals:4)
  A queen ant (Lair:3)
  A satyr (Shoals:3)
  5 deep troll earth magi
  A satyr (shapeshifter) (Vaults:5)
  11 death yaks
  5 deep troll shamans
  2 tengu warriors
  3 vampire magi
  A spriggan berserker (Depths:3)
  9 hell knights
  5 deep elf knights
  Sonja (Orc:2)
  A sixfirhy (Depths:1)
  10 sea snakes
  A fire crab (shapeshifter) (Vaults:1)
  3 unseen horrors
  17 deep trolls
  An unseen horror (shapeshifter) (Vaults:2)
  A gelid demonspawn (Depths:1)
  2 skeletal warriors
  3 wizards
  2 glowing orange brains
  5 flayed ghosts
  14 deep elf archers
  14 harpies
  4 phantasmal warriors (Vaults:5)
  2 lindwurms
  15 ironbrand convokers
  An oklob plant (Lair:6)
  4 necromancers
  12 orc knights
  2 wolf spider zombies
  28 wolf spiders
  11 orb spiders
  4 orc sorcerers
  2 frost giant zombies
  47 ugly things
  51 deep elf magi
  13 cyclopes
  A faun (Shoals:3)
  18 manticores
  A wolf spider (shapeshifter) (Vaults:5)
  16 merfolk sirens
  A guardian serpent (shapeshifter) (Depths:2)
  3 centaur zombies
  A human skeleton (Vaults:3)
  Psyche (D:8)
  A frost giant skeleton (Vaults:3)
  5 elephants (Lair:6)
  Maurice (D:9)
  An orange demon (Depths:1)
  4 torpor snails
  16 vault sentinels
  A moth of wrath (Spider:2)
  2 black mambas
  2 ice statues (IceCv)
  Joseph (D:8)
  An eye of devastation (shapeshifter) (Vaults:5)
  A stone giant skeleton (Depths:1)
  6 water nymphs
  2 gargoyles
  2 rime drakes (shapeshifter)
  8 spiny frogs
  3 rime drakes
  A spark wasp simulacrum (Depths:1)
  A kobold demonologist (D:15)
  12 freezing wraiths
  38 yaktaurs
  10 demonic crawlers
  An ice devil (Depths:1)
  4 komodo dragons
  A tengu conjurer (Depths:1)
  A tormentor (Depths:1)
  4 tyrant leeches
  2 jumping spiders (shapeshifter)
  A hornet (shapeshifter) (D:14)
  22 merfolk
  44 jumping spiders
  5 hornets
  A wind drake (shapeshifter) (Vaults:2)
  8 polar bears
  10 trolls
  2 wind drakes
  15 slime creatures
  9 snapping turtles
  18 blink frogs
  A meliai zombie (D:14)
  A slime creature (shapeshifter) (Vaults:5)
  11 dream sheep
  13 hippogriffs
  An ettin zombie (Vaults:3)
  Sigmund (D:3)
  28 tarantellas
  A spriggan (shapeshifter) (D:15)
  A redback (shapeshifter) (D:15)
  4 shadows
  104 redbacks
  A tarantella (shapeshifter) (Vaults:5)
  4 wyverns
  10 water elementals
  A wraith (D:15)
  A hog (Spider:1)
  5 basilisks
  6 fire elementals
  42 yaks
  A chaos spawn (Depths:1)
  A human simulacrum (Vaults:3)
  9 vampire mosquitoes (D:14)
  7 wargs
  5 acid dragons
  22 soldier ants
  A water moccasin (shapeshifter) (Vaults:4)
  17 water moccasins
  A hell hound (Spider:3)
  13 porcupines
  36 orc warriors
  6 sky beasts
  15 ice beasts
  An eye of draining (D:12)
  An ice beast (shapeshifter) (Vaults:1)
  62 ogres
  4 phantoms
  4 necrophages
  A black mamba simulacrum (Lair:2)
  6 black bears
  23 centaurs
  A tengu (shapeshifter) (Vaults:2)
  28 wolves
  12 crocodiles
  A big kobold (shapeshifter) (Vaults:1)
  5 big kobolds
  A human zombie (Vaults:3)
  4 earth elementals
  25 bullfrogs
  2 wyvern zombies
  A spiny frog simulacrum (Lair:2)
  3 water moccasin zombies (Ossuary)
  A wyvern skeleton (D:7)
  6 scorpions
  A blink frog simulacrum (Lair:2)
  5 killer bees (D:11)
  A rime drake simulacrum (Lair:2)
  4 electric eels
  17 wights
  A howler monkey (D:5)
  7 crimson imps
  3 bullfrog zombies
  A hippogriff simulacrum (Lair:2)
  A komodo dragon simulacrum (Lair:2)
  14 orc priests
  6 hounds
  6 jellies
  18 orc wizards
  2 quasits
  A water moccasin simulacrum (Lair:2)
  4 iron imps (Depths:1)
  3 bullfrog skeletons
  8 centaur skeletons
  6 iguanas
  28 worker ants
  2 big kobold zombies (Ossuary)
  2 hound zombies
  2 mummies (Ossuary)
  A hound skeleton (D:11)
  2 worker ant zombies
  Robin (D:3)
  A howler monkey zombie (D:11)
  9 gnolls
  12 adders
  5 shadow imps
  6 adder zombies
  An adder skeleton (D:4)
  3 worms
  2 dart slugs
  4 leopard geckos
  87 orcs
  2 bats (D:2)
  2 giant cockroaches (D:1)
  18 goblins
  14 hobgoblins
  7 jackals
  4 quokkas
  4 frilled lizards
  4 gnoll zombies (Ossuary)
  8 hobgoblin zombies (Ossuary)
  37 kobolds
  3 kobold zombies (Ossuary)
  A leopard gecko zombie (D:5)
  5 orc zombies (Ossuary)
  6 rats
  3 butterflies (Lair:2)
  A fungus (Lair:5)
1960 creatures vanquished.

Vanquished Creatures (collateral kills)
  A tengu reaver (Vaults:5)
  A deep elf knight (Vaults:5)
  4 deep elf magi (Depths:1)
  A gnoll (shapeshifter) (Vaults:5)
7 creatures vanquished.

Vanquished Creatures (others)
  An ettin (Vaults:5)
  A merfolk aquamancer (Shoals:4)
  2 deep elf magi (Depths:1)
  A tengu conjurer (D:14)
  A tarantella (Spider:4)
  A redback (Spider:3)
  3 humans (Spider:1)
  An orc warrior (Vaults:1)
  An orc (Orc:1)
  19 fungi
  14 plants
45 creatures vanquished.

Grand Total: 2012 creatures vanquished

Notes
Turn   | Place    | Note
-------+----------+-------------------------------------------
     0 | D:1      | VinVin the Minotaur Berserker began the quest for the Orb.
     0 | D:1      | Reached XP level 1. HP: 19/19 MP: 0/0
   113 | D:1      | Reached XP level 2. HP: 22/27 MP: 1/1
   288 | D:1      | Reached skill level 4 in Long Blades
   612 | D:1      | Reached ** piety under Trog
   853 | D:2      | Reached XP level 3. HP: 33/33 MP: 2/2
  1176 | D:2      | Found a shadowy altar of Dithmenos.
  1176 | D:2      | Found a sacrificial altar of Ru.
  1177 | D:2      | Found a shattered altar of Ashenzari.
  1177 | D:2      | Found an iron altar of Okawaru.
  1419 | D:3      | Noticed Robin
  1433 | D:3      | Reached XP level 4. HP: 31/40 MP: 3/3
  1442 | D:3      | Killed Robin
  1654 | D:3      | Noticed Sigmund
  1680 | D:3      | Killed Sigmund
  1680 | D:3      | Reached skill level 5 in Long Blades
  1680 | D:3      | Reached XP level 5. HP: 47/47 MP: 4/4
  1680 | D:3      | Reached XP level 6. HP: 53/53 MP: 5/5
  1729 | D:3      | Reached *** piety under Trog
  2446 | D:3      | Reached skill level 5 in Armour
  2651 | D:4      | Reached skill level 6 in Long Blades
  2768 | D:4      | Found Dielaur's Distillery.
  2866 | D:4      | Found a staircase to the Ecumenical Temple.
  3035 | D:4      | Found a white marble altar of Elyvilon.
  3045 | D:4      | Reached skill level 5 in Fighting
  3145 | D:4      | Reached XP level 7. HP: 61/61 MP: 6/6
  3373 | D:5      | Entered Level 5 of the Dungeon
  3396 | D:5      | Found a sand-covered staircase.
  3402 | Ossuary  | Entered an ossuary
  3481 | Ossuary  | Reached **** piety under Trog
  3554 | Ossuary  | Reached skill level 7 in Long Blades
  4039 | D:5      | Reached XP level 8. HP: 48/70 MP: 7/7
  4653 | D:6      | Reached skill level 5 in Dodging
  4733 | D:6      | Reached skill level 8 in Long Blades
  5334 | D:6      | Found a stormy altar of Qazlal.
  5335 | D:6      | Found a bloodstained altar of Trog.
  5336 | D:6      | Found a burning altar of Makhleb.
  5337 | D:6      | Found a basalt altar of Yredelemnul.
  5588 | D:6      | Found an opulent altar of Gozag.
  5588 | D:6      | Found a glowing silver altar of Zin.
  5769 | D:7      | Reached skill level 9 in Long Blades
  5769 | D:7      | Reached XP level 9. HP: 78/78 MP: 8/8
  6385 | D:7      | Found a snail-covered altar of Cheibriados.
  6496 | D:8      | Found an ornate altar of the Wu Jian Council.
  6519 | D:8      | Noticed Joseph
  6532 | D:8      | Killed Joseph
  6548 | D:8      | Reached skill level 10 in Long Blades
  6567 | D:8      | Found a flagged portal.
  6618 | Bailey   | Entered a bailey
  6780 | Bailey   | Noticed an orc knight
  6785 | Bailey   | Killed an orc knight
  6785 | Bailey   | Reached skill level 10 in Armour
  6789 | Bailey   | Reached ***** piety under Trog
  6838 | Bailey   | Reached XP level 10. HP: 88/88 MP: 9/9
  7137 | D:8      | Noticed a two-headed ogre
  7144 | D:8      | Killed a two-headed ogre
  7555 | D:9      | Reached skill level 11 in Long Blades
  7693 | D:9      | Found a shimmering altar of Xom.
  7707 | D:9      | Noticed Psyche
  7707 | D:9      | Noticed Maurice
  7741 | D:8      | Killed Psyche
  7959 | D:9      | Killed Maurice
  8124 | D:9      | Reached skill level 12 in Long Blades
  8153 | D:9      | Found a staircase to the Orcish Mines.
  8359 | D:10     | Entered Level 10 of the Dungeon
  8456 | D:10     | Noticed Harold
  8474 | D:10     | Reached XP level 11. HP: 61/97 MP: 10/10
  8484 | D:9      | Killed Harold
  8484 | D:9      | Received a gift from Trog
  8664 | D:10     | Noticed a two-headed ogre
  8674 | D:10     | Killed a two-headed ogre
  9246 | D:10     | Found a sacrificial altar of Ru.
  9358 | D:10     | Found a staircase to the Lair.
  9499 | D:10     | Killed an unseen horror
  9561 | D:11     | Reached skill level 13 in Long Blades
  9608 | D:11     | Noticed a tengu warrior
  9616 | D:11     | Killed a tengu warrior
  9780 | D:11     | Reached ****** piety under Trog
  9803 | D:11     | Reached skill level 10 in Fighting
  9904 | D:11     | Noticed a five-headed hydra
  9922 | D:11     | Killed an eight-headed hydra
  9926 | D:11     | Reached XP level 12. HP: 106/106 MP: 11/11
 10576 | D:12     | Received a gift from Trog
 10576 | D:12     | Reached skill level 14 in Long Blades
 10650 | D:12     | Noticed a five-headed hydra
 10660 | D:12     | Killed an eight-headed hydra
 10757 | D:12     | Noticed a four-headed hydra
 10772 | D:12     | Killed an eight-headed hydra
 10971 | D:12     | Noticed Frances
 10976 | D:12     | Gained mutation: Your spells are a little easier to cast,
                  | but a little less powerful. [a neqoxec]
 10979 | D:12     | Killed Frances
 10979 | D:12     | Reached skill level 10 in Dodging
 11134 | D:12     | Noticed a centaur warrior
 11142 | D:12     | Killed a centaur warrior
 11175 | D:13     | Noticed a six-headed hydra
 11277 | D:13     | Reached skill level 15 in Long Blades
 11353 | D:13     | Noticed a four-headed hydra
 11358 | D:13     | Noticed a six-headed hydra
 11379 | D:12     | Killed a five-headed hydra
 11379 | D:12     | Reached XP level 13. HP: 64/116 MP: 12/12
 11623 | D:13     | Reached skill level 15 in Armour
 12859 | D:14     | Received a gift from Trog
 12975 | D:14     | Reached skill level 16 in Long Blades
 13358 | D:14     | Found a gate to the Vaults.
 13590 | D:15     | Entered Level 15 of the Dungeon
 13891 | D:14     | Reached XP level 14. HP: 126/126 MP: 13/13
 14096 | D:15     | Received a gift from Trog
 14154 | D:15     | Got a fine scimitar {god gift}
 14190 | D:14     | Identified the +5 scimitar "Opug" {venom, rC+} (Trog gifted
                  | it to you on level 15 of the Dungeon)
 14611 | D:15     | Reached skill level 17 in Long Blades
 14764 | D:15     | Lost intelligence.
 15150 | D:15     | Found a staircase to the Depths.
 15382 | Lair:1   | Entered Level 1 of the Lair of Beasts
 15731 | Lair:1   | Found a runed translucent gate.
 15738 | Lair:1   | Found a runed translucent gate.
 15738 | Lair:1   | Noticed VeryBadPlayer's ghost (journeyman MiFi)
 15768 | Lair:1   | Found a runed translucent gate.
 16167 | Lair:2   | Received a gift from Trog
 16179 | Lair:2   | Found a runed translucent gate.
 16311 | Lair:2   | Noticed Peloso's ghost (journeyman MiFi)
 16333 | Lair:2   | Found a runed translucent gate.
 16333 | Lair:2   | Found a runed translucent gate.
 16650 | Lair:3   | Reached skill level 1 in Shields
 16738 | Lair:3   | Found a hole to the Spider Nest.
 17541 | Temple   | Entered the Ecumenical Temple
 17549 | Temple   | Identified a scroll of acquirement
 17550 | Temple   | Found the +2 hat of the Bear Spirit {Spirit, +Rage rN+
                  | MR++}
 17803 | D:12     | Got a polished long sword {god gift}
 17804 | D:12     | Identified the +9 long sword of the Realm of Zot {slice,
                  | Str+3 Dex+2 Stlth-} (Trog gifted it to you on level 12 of
                  | the Dungeon)
 18149 | Lair:4   | Found a staircase to the Shoals.
 18252 | Lair:4   | Reached XP level 15. HP: 124/136 MP: 12/14
 18975 | Lair:5   | Noticed Rupert
 18989 | Lair:5   | Killed Rupert
 19235 | Lair:5   | Reached skill level 5 in Shields
 19237 | Lair:5   | Found a runed translucent door.
 19246 | Lair:5   | Reached skill level 18 in Long Blades
 19295 | Lair:5   | Found an opulent altar of Gozag.
 19365 | Lair:5   | Found a frozen archway.
 19411 | IceCv    | Entered an ice cave
 19412 | IceCv    | Found a transporter.
 19419 | IceCv    | Received a gift from Trog
 19471 | IceCv    | Found a transporter.
 19857 | Lair:6   | Entered Level 6 of the Lair of Beasts
 19893 | Lair:6   | Got warped fire dragon scales
 19909 | Lair:6   | Identified the +6 fire dragon scales of Dyspraxia {rF++ rC-
                  | MP+9} (You found it on level 6 of the Lair of Beasts)
 20235 | Lair:6   | Found a staircase to the Slime Pits.
 20235 | Lair:6   | Found a viscous altar of Jiyva.
 21075 | Lair:6   | Found the cursed +13 scythe of Curses {drain, *Curse}
 21631 | Orc:1    | Entered Level 1 of the Orcish Mines
 21723 | Orc:1    | Received a gift from Trog
 21804 | Orc:1    | Noticed an orc warlord
 21898 | Orc:1    | Killed an orc warlord
 22135 | Orc:2    | Entered Level 2 of the Orcish Mines
 22135 | Orc:2    | Noticed Sonja
 22144 | Orc:2    | Found a staircase to the Elven Halls.
 22170 | Orc:2    | Noticed Erolcha
 22174 | Orc:2    | Killed Sonja
 22174 | Orc:2    | Reached skill level 19 in Long Blades
 22178 | Orc:2    | Killed Erolcha
 22293 | Orc:2    | Reached XP level 16. HP: 146/146 MP: 15/15
 22318 | Orc:2    | Received a gift from Trog
 22458 | Orc:2    | Reached skill level 10 in Shields
 22467 | Orc:2    | Got a slimy triple sword {god gift}
 22468 | Orc:2    | Lost intelligence.
 22468 | Orc:2    | Identified the +9 triple sword of the New World {freeze,
                  | rElec rC+ rN+ Int-5} (Trog gifted it to you on level 2 of
                  | the Orcish Mines)
 22502 | Orc:2    | Found Xyt Igay's Antique Armour Boutique.
 22502 | Orc:2    | Found Woenel's Food Shoppe.
 22565 | Orc:2    | Found Petu's Antique Armour Boutique.
 22565 | Orc:2    | Found Dastrer's Weapon Emporium.
 22659 | Orc:2    | Noticed Snorg
 22664 | Orc:2    | Killed Snorg
 23291 | Lair:2   | Killed Peloso's ghost
 23355 | Lair:2   | Received a gift from Trog
 23378 | Lair:2   | Got the ring "Syuxaf" {Fire}
 23380 | Lair:2   | Identified the ring "Syuxaf" {Fire MR+ Str+2 Int+2} (You
                  | found it on level 2 of the Lair of Beasts)
 24433 | Shoals:1 | Entered Level 1 of the Shoals
 25068 | Shoals:1 | Got a pair of polished gloves
 25079 | Shoals:1 | Identified the +2 pair of gloves "Vinedghu" {rCorr Dex+3}
                  | (You found it on level 1 of the Shoals)
 25758 | Shoals:2 | Noticed Polyphemus
 25784 | Shoals:2 | Reached skill level 20 in Long Blades
 25797 | Shoals:2 | Killed Polyphemus
 25828 | Shoals:2 | Noticed Ilsuiw
 26045 | Shoals:2 | Reached skill level 15 in Fighting
 26064 | Shoals:2 | Killed Ilsuiw
 26540 | Shoals:2 | Reached XP level 17. HP: 137/156 MP: 16/16
 26557 | Shoals:2 | Found Daujiati's Antique Weapon Shoppe.
 26563 | Shoals:2 | Found Iptiyso's Jewellery Shoppe.
 26585 | Shoals:2 | Bought a +3 amulet of reflection for 282 gold pieces
 27364 | Shoals:3 | Found Uzxi's Antique Armour Shoppe.
 28091 | Shoals:4 | Entered Level 4 of the Shoals
 28252 | Shoals:4 | Found Ralytwo's Book Boutique.
 28364 | Shoals:4 | Reached skill level 15 in Dodging
 28597 | Shoals:4 | Received a gift from Trog
 29414 | Shoals:4 | Got a barnacled rune of Zot
 29563 | Shoals:4 | Identified the cursed +1 troll leather armour of the
                  | Moneychanger {Regen+ Str+3}
 30630 | Spider:1 | Entered Level 1 of the Spider Nest
 30835 | Orc:2    | Bought a glowing cloak for 255 gold pieces
 30853 | Orc:2    | Bought runed swamp dragon scales for 1643 gold pieces
 31041 | Spider:1 | Reached skill level 21 in Long Blades
 31097 | Spider:1 | Received a gift from Trog
 31191 | Spider:1 | Identified Roxanne's Reference Book on the Mountains
 31191 | Spider:1 | Noticed Roxanne
 31394 | Spider:1 | Noticed Nikola
 31406 | Spider:1 | You fall into a shaft and drop 1 floor!
 31983 | Spider:2 | Received a gift from Trog
 31989 | Spider:1 | Noticed Kirke
 32132 | Spider:1 | Killed Kirke
 32132 | Spider:1 | Reached XP level 18. HP: 102/166 MP: 17/17
 32562 | Spider:1 | Killed Nikola
 33487 | Spider:2 | Found a roughly hewn altar of Beogh.
 33547 | Spider:2 | Got a smoking chain mail
 33558 | Spider:2 | Identified the +0 chain mail "Usuejon" {rElec Regen+ Str+4
                  | Int+3} (You found it on level 2 of the Spider Nest)
 34066 | Spider:3 | Noticed Azrael
 34084 | Spider:3 | Killed Azrael
 34100 | Spider:3 | Received a gift from Trog
 35264 | Spider:4 | Entered Level 4 of the Spider Nest
 35763 | Spider:4 | Received a gift from Trog
 36379 | Spider:4 | Reached skill level 22 in Long Blades
 37049 | Spider:4 | Lost intelligence.
 37320 | Spider:4 | Received a gift from Trog
 37428 | Spider:4 | Got a gossamer rune of Zot
 39037 | Vaults:1 | Entered Level 1 of the Vaults
 39173 | Vaults:1 | Reached XP level 19. HP: 174/174 MP: 15/18
 39445 | Vaults:1 | Received a gift from Trog
 39488 | Vaults:1 | Got an iridescent scimitar {god gift}
 39489 | Vaults:1 | Identified the +0 scimitar "Zalimp" {slice, rPois Int+3}
                  | (Trog gifted it to you on level 1 of the Vaults)
 40412 | Vaults:1 | Reached skill level 15 in Shields
 40545 | Vaults:1 | Reached skill level 23 in Long Blades
 40842 | Vaults:2 | Noticed Mara
 40857 | Vaults:2 | Noticed VinVin's illusion
 40871 | Vaults:2 | Killed Mara
 40929 | Vaults:2 | Got an ichor-stained falchion
 40930 | Vaults:2 | Identified the cursed +1 falchion of Frustration {slice,
                  | MR+} (You found it on level 2 of the Vaults)
 41001 | Vaults:2 | Found a large runed translucent door.
 41001 | Vaults:2 | Noticed Sianeop's ghost (adept GrFi)
 41002 | Vaults:2 | Found a large runed translucent door.
 41002 | Vaults:2 | Noticed foobar1000's ghost (veteran SpHu)
 41170 | Vaults:2 | Received a gift from Trog
 41439 | Vaults:2 | Reached XP level 20. HP: 174/184 MP: 17/19
 41794 | Vaults:2 | Received a gift from Trog
 42367 | Vaults:3 | Found a runed translucent gate.
 42367 | Vaults:3 | Found a runed translucent gate.
 42368 | Vaults:3 | Found a runed translucent gate.
 42369 | Vaults:3 | Noticed fritzmikael's ghost (adept KoBe)
 42538 | Vaults:3 | Noticed Bai Suzhen
 42585 | Vaults:3 | Killed Bai Suzhen
 42837 | Vaults:3 | Found a staircase to the Crypt.
 43118 | Vaults:3 | Received a gift from Trog
 43627 | Vaults:3 | Identified the +4 ring mail of Objectivity {rElec Slay-2
                  | Stlth+}
 43627 | Vaults:3 | Identified the ring "Pingaf" {Wiz rF++}
 43628 | Vaults:3 | Identified the +7 broad axe of Copeuly {freeze, rC- rN+
                  | Dex+4 Stlth+}
 43629 | Vaults:3 | Found an iron altar of Okawaru.
 44070 | Vaults:4 | Reached skill level 24 in Long Blades
 44299 | Vaults:4 | Found a runed translucent door.
 44299 | Vaults:4 | Noticed abarbat's ghost (adept MiBe)
 44511 | Vaults:4 | Received a gift from Trog
 44818 | Vaults:4 | Reached XP level 21. HP: 194/194 MP: 20/20
 45010 | Vaults:5 | Entered Level 5 of the Vaults
 45307 | Vaults:4 | Received a gift from Trog
 45908 | Vaults:5 | Found Pecyroum's Gadget Shop.
 45917 | Vaults:5 | HP: 9/195 [tengu reaver/+2 great mace of holy wrath (20)]
 45930 | Vaults:5 | HP: 8/195 [tentacled monstrosity (7)]
 45931 | Vaults:5 | Noticed Margery
 45943 | Vaults:5 | Received a gift from Trog
 46111 | Vaults:5 | Identified the Compendium of the Creative Glacier
 46122 | Vaults:5 | Got a silver rune of Zot
 46145 | Vaults:5 | Reached skill level 25 in Long Blades
 46388 | Vaults:5 | HP: 9/198 [shadow dragon (1)]
 46400 | Vaults:5 | HP: 1/198 [titan (11)]
 46406 | Vaults:5 | HP: 7/198 [titan/bolt of lightning (4)]
 46411 | Vaults:5 | Reached XP level 22. HP: 12/205 MP: 6/21
 46647 | Vaults:5 | Received a gift from Trog
 46798 | Vaults:5 | Noticed an ancient lich
 46805 | Vaults:5 | Killed an ancient lich
 46928 | Vaults:5 | Found Vigap's General Store.
 46929 | Vaults:5 | Found Ixzegie's Gadget Shoppe.
 46929 | Vaults:5 | Found Yhatred's Book Shoppe.
 46994 | Vaults:5 | Bought a wand of iceblast (10) for 280 gold pieces
 47287 | Vaults:5 | Identified the +10 mace of Immorality {vamp, Str+4}
 47319 | Vaults:5 | Killed Margery
 48396 | Depths:1 | Entered Level 1 of the Depths
 48476 | Depths:1 | Got a brightly glowing bronze ring
 48524 | Depths:1 | Received a gift from Trog
 48613 | Depths:1 | Reached skill level 26 in Long Blades
 48705 | Depths:1 | Found a gateway to Hell.
 48714 | Hell     | Entered the Vestibule of Hell
 48714 | Hell     | Noticed Geryon
 48930 | Depths:1 | Found a one-way gate leading to the halls of Pandemonium.
 49346 | Depths:1 | Received a gift from Trog
 49359 | Depths:1 | Gained mutation: Your body sometimes deteriorates upon
                  | taking damage. [a neqoxec]
 49372 | Depths:1 | Gained mutation: You tend to lose your temper in combat. [a
                  | neqoxec]
 49791 | Depths:1 | Identified the ring of Ashenzari's Generosity {rPois rC+
                  | rN+} (You found it on level 1 of the Depths)
 50042 | Depths:2 | Received a gift from Trog
 50160 | Depths:2 | Reached XP level 23. HP: 215/215 MP: 17/22
 50691 | Depths:2 | Noticed a juggernaut
 50711 | Depths:2 | Killed a juggernaut
 50949 | Depths:2 | Reached skill level 27 in Long Blades
 51737 | Depths:3 | Received a gift from Trog
 52113 | Depths:3 | HP: 11/220 [merfolk impaler/+2 trident of flaming (1)]
 52114 | Depths:3 | HP: 1/220 [tengu reaver/bolt of lightning (8)]
 52114 | Depths:3 | Hit by a javelin thrown by a merfolk javelineer

Levels and vault maps discovered:
D:1:      lightli_arrival_isolated_outpost, layout_basic, minmay_misc_feat_cross
D:2:      minmay_kobold_bridge, layout_rooms, grunt_temple_overflow_cloverleaf
D:3:      layout_basic, uniq_sigmund, uniq_robin
D:4:      layout_basic, minmay_temple_entry_sparse_star, serial_shops, shop,
          first_ration, elyvilon_altar_5
D:5:      layout_layer_cave, nicolae_ossuary_entry_plus
D:6:      layout_layer_cave, grunt_temple_overflow_gold_and_silver,
          chequers_temple_overflow_statue_of_worship
D:7:      wander_river, layout_loops_ring, kennysheep_mini_moat
D:8:      layout_basic, lemuel_doored_altar, enter_bailey_8, uniq_joseph
D:9:      layout_basic, lemuel_crystal_altar, hiddenorc1_lemuel, uniq_maurice,
          uniq_psyche
D:10:     layout_cave_pools, due_lair_maze_entry_diamond, basic_altar,
          uniq_harold
D:11:     minmay_octagon_keep, layout_loops_cross, grunt_tengu_nest
D:12:     layout_loops_ring, serial_undead, serial_undead_f, serial_undead_e,
          serial_undead_f, serial_undead_a, gauntlet_entry_generic, uniq_frances
D:13:     layout_basic
D:14:     layout_basic, hangedman_vaults_entry_quadrant_bands
D:15:     hangedman_depths_entry_civil_slaughter, layout_small_grid,
          minivault_14, eino_small_chamber_without_monster
Temple:   compressed_dpeg_triangle_lava_temple
Lair:1:   layout_roguey, gammafunk_ghost_hydra_chop
Lair:2:   layout_roguey, gammafunk_ghost_icy, lemuel_fruit_fields
Lair:3:   beast_lair_carwin_large_2, layout_regular_city, dummy_spider_entry,
          minivault_29
Lair:4:   layout_roguey, minmay_shoals_entry_centaurs, grunt_megastairs_1
Lair:5:   layout_regular_city, portal_ice_cave_entry_animals_and_master,
          basic_altar, pf_torpor_hydra, uniq_rupert
Lair:6:   grunt_lair_end_beastmaster, layout_hall_layers, slime_altar_1,
          wad_woods_road_06, grunt_forest_large_clearings
Shoals:1: layout_shoals, hangedman_shoals_cup_caves
Shoals:2: layout_shoals, serial_shops, nicolae_shop_statue_plus,
          minmay_shop_enchanted_jewellery, uniq_ilsuiw, uniq_polyphemus
Shoals:3: layout_shoals, serial_shops, shop
Shoals:4: shoals_end_grunt_ice, layout_shoals, shoal_ilsuiw, serial_shops,
          nicolae_shop_behind_doors
Spider:1: layout_spider_delve, uniq_kirke, uniq_roxanne, uniq_nikola
Spider:2: nicolae_spider_mines_2
Spider:3: nicolae_spider_corner, nicolae_spider_cling_ruins, uniq_azrael
Spider:4: grunt_spider_rune_circles, nicolae_spider_webs_and_nodes,
          hangedman_stitches_earthworm
Orc:1:    layout_diamond_mine, nicolae_orc_lava_room
Orc:2:    st_orc_ogre_mass, layout_caves, uniq_sonja, uniq_erolcha, uniq_snorg
Vaults:1: hangedman_vaults_stream, hangedman_vaults_trim,
          nicolae_vaults_hallways_thing, vaults_room_boxed,
          vaults_room_stairs_pillars, nicolae_vaults_little_ls,
          vaults_standard_mumra_x, nicolae_vaults_diagonal_hallway_6,
          hangedman_vaults_corner_blocks, nicolae_vaults_c_with_doors,
          hangedman_vaults_trim, v_misc_25, vaults_room_pools,
          ontoclasm_vaults_gateway, layout_vaults_omnibox
Vaults:2: advil_vaults_ghost_guards, vaults_mumra_bighexcomb,
          nicolae_vaults_ninety_degrees, vaults_dpeg_diagonal,
          nicolae_vaults_shelves_hall, nicolae_vaults_big_ls,
          grunt_vaults_focal, v_misc_26, v_misc_16,
          nicolae_vaults_mini_display_case, dpeg_vaults_monster_box,
          layout_vaults_omnigrid, uniq_mara
Vaults:3: gammafunk_vaults_ghost_fury_of_okawaru,
          nicolae_vaults_little_squares_4, hangedman_vaults_trim,
          vaults_dpeg_encased_lava, vaults_mumra_chevron_long, v_misc_16,
          hangedman_vaults_corner_blocks, hangedman_vaults_nails,
          layout_vaults_chaotic_city, minmay_crypt_entry_simple_corners,
          uniq_bai_suzhen
Vaults:4: ebering_vaults_ghost_inner_flame, nicolae_vaults_stairing_the_circle,
          hangedman_vaults_variations, nicolae_vaults_little_squares_5,
          vaults_room_pools, grunt_vaults_diagonal,
          vaults_standard_mumra_enter_the_diamond, nicolae_vaults_alarming,
          grunt_vaults_twisty, hangedman_vaults_restitches,
          nicolae_vaults_little_squares_1, layout_vaults_omnicross
Vaults:5: serial_shops, uniq_margery
Depths:1: lemuel_castle_with_subvaults [lemuel_castle_interior_original],
          layout_gridlike, grunt_pan_entry_zigzag, grunt_hell_entry_dis_mu,
          st_stairs_7, due_unseen_surprise
Depths:2: minmay_the_grid_triangle_9x9_recursive_2
          [minmay_the_grid_triangle_9x9_prize_insulated,
          minmay_the_grid_triangle_9x9_impossible_snake,
          minmay_the_grid_triangle_9x9_cache,
          minmay_the_grid_triangle_9x9_wacky_v], layout_gridlike, hell_entry,
          minmay_misc_feat_secret_circle, small_statue_intersection,
          minmay_microvault
Depths:3: gammafunk_depths_water_palace, layout_small_grid, pan_entry,
          pf_coc_iceberg, chequers_serial_rivers_small_3,
          minmay_hollow_rounded_squares, minmay_staircase_windowed_small
Hell

Skill      XL: |  1  2  3  4  5  6  7  8  9 10 11 12 13 14 15 16 17 18 19 20 21 22 23 |
---------------+----------------------------------------------------------------------+-----
Long Blades    | 4 5 6 7 9 10 12 13 15 16 17 19 20 21 22 23 24 25 26 27 | 27.0
Armour         | 3 4 5 6 8 10 11 13 14 16 17 18 19 20 21 | 21.6
Fighting       | 4 5 6 7 9 10 11 12 13 14 15 16 17 18 19 20 21 | 21.3
Dodging        | 3 4 5 6 8 9 10 11 12 13 14 15 17 | 17.3
Shields        | 4 9 11 12 13 15 17 19 | 19.7

Action                   |  1- 3 |  4- 6 |  7- 9 | 10-12 | 13-15 | 16-18 | 19-21 | 22-24 || total
-------------------------+-------+-------+-------+-------+-------+-------+-------+-------++-------
Melee: Falchion          |    74 |    93 |   170 |       |       |       |       |       ||   337
       Headbutt          |    12 |    25 |    79 |   125 |   324 |   305 |   344 |   232 ||  1446
       Scimitar          |       |       |   214 |   169 |   856 |    57 |       |       ||  1296
       Great sword       |       |       |       |   341 |   276 |       |       |       ||   617
       Triple sword      |       |       |       |       |       |  1019 |   960 |   624 ||  2603
Throw: Throwing net      |       |       |       |       |       |     9 |     7 |       ||    16
Invok: Berserk           |       |     2 |     3 |     6 |    16 |    14 |    16 |    11 ||    68
       Trog's Hand       |       |       |     1 |       |       |       |     1 |     1 ||     3
       Brothers in Arms  |       |       |       |       |       |       |     2 |     2 ||     4
 Abil: Stop Flying       |       |       |     3 |       |     1 |       |       |       ||     4
       Evoke Flight      |       |       |     3 |       |     1 |       |       |       ||     4
Evoke: Wand              |       |       |       |     1 |     2 |    18 |     2 |     2 ||    25
       Lightning rod     |       |       |       |       |       |       |     1 |       ||     1
  Use: Scroll            |       |     5 |     7 |    10 |     9 |     7 |    11 |     1 ||    50
       Potion            |       |       |     4 |     1 |     1 |     4 |    12 |       ||    22
 Stab: Petrified         |       |       |       |       |     2 |       |       |       ||     2
       Distracted        |       |       |       |       |       |     1 |       |       ||     1
       Held in net/web   |       |       |       |       |       |     1 |       |       ||     1
  Eat: Chunk             |     1 |     5 |     8 |    17 |    31 |    16 |    23 |     8 ||   109
       Ration            |       |     1 |     2 |     1 |     6 |    16 |     5 |     6 ||    37
Armor: Animal skin       |     4 |       |       |       |       |       |       |       ||     4
       Plate armour      |    21 |    48 |   267 |     1 |   176 |       |       |       ||   513
       Chain mail        |       |       |       |   436 |   319 |   345 |   452 |   304 ||  1856
       Fire dragon scale |       |       |       |       |   205 |   486 |       |       ||   691
Dodge: Dodged            |    59 |    71 |   319 |   467 |  1013 |  1537 |   794 |   593 ||  4853
       Deflected         |       |       |       |       |       |       |       |    24 ||    24
Block: Buckler           |       |       |       |       |    60 |       |       |       ||    60
       Other             |       |       |       |       |       |   116 |    18 |       ||   134
       Reflection        |       |       |       |       |       |     2 |     2 |       ||     4
       Rpst.: Falchion   |    10 |    10 |    28 |       |       |       |       |       ||    48
       Scimitar          |       |       |    31 |    26 |   153 |    21 |       |       ||   231
       Great sword       |       |       |       |    71 |    56 |       |       |       ||   127
       Triple sword      |       |       |       |       |       |   248 |   155 |   100 ||   503
